[Event "Titled Tuesday Blitz January 17 Late 2023"]
[White "Djordjevic, Vuk"]
[Black "Rego, Pedro Filipe"]
[WhiteFideId "902098"]
[BlackFideId "1904310"]
[WhiteElo "2375"]
[BlackElo "2312"]
[Result "1-0"]
[Round "01"]
[TimeControl "180+2"]
[Date "2023.01.17"]
[WhiteClock "0:00:55"]
[BlackClock "0:00:08"]

1. d4 Nf6 2. Bg5 d5 3. Bxf6 gxf6 4. e3 c5 5. dxc5 e5 6. c4 Be6 7. cxd5 Qxd5 8. Qa4+ Nc6 9. Nc3 Qxc5 10. Nf3 Be7 11. Bd3 Rd8 12. Rd1 h5 13. O-O Qb4 14. Qc2 h4 15. Bf5 h3 16. gxh3 Rg8+ 17. Kh1 Rxd1 18. Rxd1 Qc5 19. Bxe6 fxe6 20. Qh7 Kf8 21. Nh4 Rg7 22. Qh8+ Kf7 23. Qh5+ Kg8 24. Ng6 Nb4 25. Ne4 Qc6 26. Nxe7+ Rxe7 27. Rd8+ Kg7 28. Qg4+ Kh7 29. Qh5+ Kg7 30. Qh8+ Kg6 31. Qxf6+ Kh7 32. Rh8# 1-0


[Site "https://www.chess.com"]

[Event "Titled Tuesday Blitz January 17 Late 2023"]
[White "Zeman, Matyas"]
[Black "Leitao, Rafael"]
[WhiteFideId "364398"]
[BlackFideId "2101246"]
[WhiteElo "2296"]
[BlackElo "2592"]
[Result "0-1"]
[Round "01"]
[TimeControl "180+2"]
[Date "2023.01.17"]
[WhiteClock "0:00:18"]
[BlackClock "0:00:55"]

1. d4 Nf6 2. Nf3 e6 3. Bf4 c5 4. e3 d5 5. Nbd2 Bd6 6. Bxd6 Qxd6 7. dxc5 Qxc5 8. c4 Nc6 9. Rc1 d4 10. exd4 Nxd4 11. Nxd4 Qxd4 12. Nf3 Qxb2 13. Bd3 Qb4+ 14. Kf1 O-O 15. Ne5 Qc5 16. Qe2 Rd8 17. g4 Nd7 18. Nf3 Nf8 19. h4 Bd7 20. Ng5 Bc6 21. Rh3 Rd7 22. Ne4 Bxe4 23. Qxe4 Rad8 24. Rd1 b6 25. g5 Rd4 26. Qe3 Qd6 27. Kg2 e5 28. f3 Rxd3 0-1


[Site "https://www.chess.com"]

[Event "Titled Tuesday Blitz January 17 Late 2023"]
[White "Timmermans, Mark"]
[Black "Qiao, Cindy"]
[WhiteFideId "1026399"]
[BlackFideId "2620243"]
[WhiteElo "2392"]
[BlackElo "1785"]
[Result "1-0"]
[Round "01"]
[TimeControl "180+2"]
[Date "2023.01.17"]
[WhiteClock "0:01:42"]
[BlackClock "0:00:41"]

1. e4 c5 2. Nf3 d6 3. d4 cxd4 4. Nxd4 Nf6 5. Nc3 g6 6. Be3 Bg7 7. f3 Nc6 8. Qd2 O-O 9. O-O-O d5 10. Kb1 Nxd4 11. e5 Nf5 12. exf6 exf6 13. Bc5 Re8 14. Nxd5 Be6 15. Bb5 Rf8 16. Bxf8 Qxf8 17. Nc7 Rc8 18. Nxe6 fxe6 19. Qd7 e5 20. Qxb7 Nd4 21. Ba4 Qc5 22. Bb3+ Kh8 23. c3 Nxb3 24. axb3 Rc7 25. Rd8+ Bf8 26. Rxf8+ 1-0


[Site "https://www.chess.com"]

[Event "Titled Tuesday Blitz January 17 Late 2023"]
[White "Besedes, Danilo"]
[Black "Wieczorek, Oskar"]
[WhiteFideId "946796"]
[BlackFideId "1133950"]
[WhiteElo "2297"]
[BlackElo "2512"]
[Result "0-1"]
[Round "01"]
[TimeControl "180+2"]
[Date "2023.01.17"]
[WhiteClock "0:00:08"]
[BlackClock "0:01:00"]

1. Nf3 Nf6 2. g3 g6 3. Bg2 Bg7 4. O-O O-O 5. d3 c5 6. Nbd2 Nc6 7. e4 d6 8. Re1 Rb8 9. a4 a6 10. h3 b5 11. c3 e5 12. Qc2 h6 13. Nf1 Be6 14. Ne3 d5 15. exd5 Nxd5 16. Ng4 Bxg4 17. hxg4 Qd7 18. g5 hxg5 19. Bxg5 Rfe8 20. axb5 axb5 21. Rad1 b4 22. Nd2 bxc3 23. bxc3 Nf6 24. Nc4 Rbc8 25. Bxc6 Qxc6 26. Rxe5 Nd5 27. Rxe8+ Rxe8 28. Bd2 Re2 29. Re1 Nxc3 30. Qb3 Rxe1+ 31. Bxe1 Ne2+ 32. Kf1 Nd4 33. Qb8+ Kh7 34. Kg1 Qf3 35. Qf4 Ne2+ 0-1


[Site "https://www.chess.com"]

[Event "Titled Tuesday Blitz January 17 Late 2023"]
[White "Bazeev, German"]
[Black "Davidson, Kevin"]
[WhiteFideId "24119350"]
[BlackFideId "2056810"]
[WhiteElo "2369"]
[BlackElo "2154"]
[Result "1-0"]
[Round "01"]
[TimeControl "180+2"]
[Date "2023.01.17"]
[WhiteClock "0:01:06"]
[BlackClock "0:00:01"]

1. d4 Nf6 2. Nf3 g6 3. c4 Bg7 4. Nc3 d6 5. Bg5 h6 6. Bh4 O-O 7. e3 Nc6 8. Be2 e5 9. d5 Ne7 10. Nd2 Nf5 11. Bg3 Ne8 12. Qc2 c5 13. a3 Bd7 14. b4 b6 15. Rb1 Rc8 16. O-O Nxg3 17. hxg3 f5 18. bxc5 bxc5 19. Nb5 Qa5 20. Nb3 Qb6 21. a4 a6 22. a5 Qb8 23. Nc3 Qc7 24. Qa2 Rb8 25. Na4 Bxa4 26. Qxa4 Nf6 27. Nd2 e4 28. g4 Nd7 29. gxf5 gxf5 30. g3 Ne5 31. Kg2 Nd7 32. Qc6 Qxc6 33. dxc6 Ne5 34. g4 Nxc6 35. gxf5 Nxa5 36. Rxb8 Rxb8 37. Nxe4 Bf8 38. Nf6+ Kf7 39. Nd5 Rb2 40. Bh5+ Kg7 41. Kh3 Nxc4 42. Rg1+ Kh8 43. f4 Bg7 44. f6 Bf8 45. f7 Rb3 46. Rg8+ Kh7 47. Rxf8 Nxe3 48. Nxe3 Rxe3+ 49. Kg4 1-0


[Site "https://www.chess.com"]

[Event "Titled Tuesday Blitz January 17 Late 2023"]
[White "Forgacs, Attila Jr."]
[Black "Milikow, Yoav"]
[WhiteFideId "773654"]
[BlackFideId "2822237"]
[WhiteElo "2264"]
[BlackElo "2394"]
[Result "0-1"]
[Round "01"]
[TimeControl "180+2"]
[Date "2023.01.17"]
[WhiteClock "0:00:16"]
[BlackClock "0:00:57"]

1. e4 e5 2. Nf3 Nc6 3. Bb5 Nf6 4. d3 Bc5 5. c3 O-O 6. O-O d5 7. exd5 Qxd5 8. Bc4 Qd8 9. Bg5 h6 10. Bh4 a5 11. Nbd2 Bf5 12. Ne4 Bxe4 13. dxe4 Be7 14. Re1 Ne8 15. Bg3 Nd6 16. Bb3 Bf6 17. Qe2 Qe7 18. Rad1 Rfd8 19. h3 a4 20. Bc2 Na5 21. Bxa4 Qe6 22. Qc2 Qxa2 23. Ra1 Qe6 24. b4 Nac4 25. Bb3 Qe8 26. Red1 Qc6 27. Rd5 Rxa1+ 28. Kh2 Ra3 29. Rc5 Qa6 30. b5 Qb6 31. Rxc4 Nxc4 32. Bxc4 Qc5 33. Bb3 Qxb5 34. Bd5 c6 35. c4 Qb3 36. Qd2 cxd5 37. cxd5 Qd3 38. Qb4 Rb3 39. Qa5 Qxe4 40. Nxe5 Qxd5 0-1


[Site "https://www.chess.com"]

[Event "Titled Tuesday Blitz January 17 Late 2023"]
[White "Boyer, Mahel"]
[Black "Estrada Nieto, Julian"]
[WhiteFideId "45102422"]
[BlackFideId "5101018"]
[WhiteElo "2489"]
[BlackElo "2215"]
[Result "1-0"]
[Round "01"]
[TimeControl "180+2"]
[Date "2023.01.17"]
[WhiteClock "0:01:24"]
[BlackClock "0:00:10"]

1. c4 e5 2. e3 Nf6 3. Nc3 Nc6 4. Nge2 Be7 5. g4 Nxg4 6. Rg1 Nxh2 7. Ng3 Nxf1 8. Kxf1 d6 9. d4 Bh3+ 10. Ke1 exd4 11. exd4 O-O 12. Nd5 Re8 13. Be3 Bg5 14. Nh5 g6 15. Qf3 Bxe3 16. fxe3 Qh4+ 17. Kd2 Be6 18. Nhf6+ Kg7 19. Rh1 Nxd4 20. Qg2 1-0


[Site "https://www.chess.com"]

[Event "Titled Tuesday Blitz January 17 Late 2023"]
[White "Pesotskiy, Mikhail"]
[Black "Sai Krishna G V"]
[WhiteFideId "34164453"]
[BlackFideId "5028280"]
[WhiteElo "2153"]
[BlackElo "2384"]
[Result "1-0"]
[Round "01"]
[TimeControl "180+2"]
[Date "2023.01.17"]
[WhiteClock "0:00:03"]
[BlackClock "0:00:53"]

1. d4 Nf6 2. c4 g6 3. Nc3 Bg7 4. e4 d6 5. f3 O-O 6. Be3 Nc6 7. Qd2 a6 8. Bd3 Rb8 9. Nge2 Nd7 10. h4 h5 11. O-O e5 12. d5 Nd4 13. Bg5 f6 14. Be3 f5 15. Bg5 Qe8 16. exf5 gxf5 17. Rae1 Qg6 18. Nxd4 exd4 19. Ne2 Nc5 20. Nf4 Qh7 21. Re7 Bd7 22. Rfe1 Rbe8 23. b4 Nxd3 24. Qxd3 Rxe7 25. Rxe7 Rf7 26. Rxf7 Kxf7 27. Ne6 Bxe6 28. dxe6+ Kxe6 29. Qe2+ Be5 30. f4 Qg7 31. fxe5 dxe5 32. Qxh5 f4 33. Qg4+ Kd6 34. h5 d3 35. h6 Qh7 36. Kf1 c5 37. Qf3 cxb4 38. Qd5+ Kc7 39. Qd8+ Kc6 40. Qd5+ Kb6 41. Bd8+ Ka7 42. Qc5+ Ka8 43. Qc8+ Ka7 44. Qc5+ Kb8 45. Bc7+ Kc8 46. Bb6+ Kb8 47. Qf8# 1-0


[Site "https://www.chess.com"]

[Event "Titled Tuesday Blitz January 17 Late 2023"]
[White "Vlassov, Nikolai"]
[Black "Novikova, Galina"]
[WhiteFideId "4103360"]
[BlackFideId "4157095"]
[WhiteElo "2283"]
[BlackElo "2073"]
[Result "1/2-1/2"]
[Round "01"]
[TimeControl "180+2"]
[Date "2023.01.17"]
[WhiteClock "0:00:14"]
[BlackClock "0:00:37"]

1. e4 e6 2. c4 d5 3. cxd5 exd5 4. Qb3 Nf6 5. e5 Ne4 6. d4 Be7 7. Nc3 Nxc3 8. bxc3 O-O 9. Bd3 c5 10. Qc2 h6 11. f4 Nc6 12. Nf3 cxd4 13. Nxd4 Nxd4 14. cxd4 Bb4+ 15. Kf2 Be6 16. Be3 Rc8 17. Qe2 Qd7 18. Rhc1 Bf5 19. Bxf5 Qxf5 20. Qb5 Bc3 21. Rab1 Bxd4 22. g3 Bxe3+ 23. Kxe3 Qe4+ 24. Kf2 Rc2+ 25. Rxc2 Qxc2+ 26. Kg1 b6 27. Rb2 Qc1+ 28. Kg2 Rc8 29. Rf2 d4 30. Qd7 Qc6+ 31. Qxc6 Rxc6 32. Rd2 Rc4 33. Kf3 Kf8 34. Ke4 Ra4 35. f5 Ke7 36. g4 b5 37. h4 Rc4 38. Rxd4 Rc2 39. a4 a6 40. axb5 axb5 41. Rb4 Rh2 42. h5 Rg2 43. Kf3 Rg1 44. Rxb5 Rf1+ 45. Ke2 Rf4 46. Rb7+ Ke8 47. Ke3 Rxg4 48. f6 gxf6 49. exf6 Rh4 50. Re7+ Kf8 51. Rd7 Ke8 52. Re7+ Kf8 53. Ra7 Kg8 54. Ra8+ Kh7 55. Rf8 Rxh5 56. Rxf7+ Kg6 57. Rf8 Rf5 58. Ke4 Rxf6 59. Rxf6+ Kxf6 60. Kf4 Kg6 61. Kg4 h5+ 62. Kh4 Kh6 63. Kh3 Kg5 64. Kg3 h4+ 65. Kh3 Kh5 66. Kh2 Kg4 67. Kg2 h3+ 68. Kh2 Kg5 69. Kh1 Kf6 70. Kg1 Ke7 71. Kh2 Kd7 72. Kxh3 1/2-1/2


[Site "https://www.chess.com"]

[Event "Titled Tuesday Blitz January 17 Late 2023"]
[White "Gatterer, Florian"]
[Black "Averjanov, Alexey"]
[WhiteFideId "811688"]
[BlackFideId "14109867"]
[WhiteElo "2170"]
[BlackElo "2399"]
[Result "1/2-1/2"]
[Round "01"]
[TimeControl "180+2"]
[Date "2023.01.17"]
[WhiteClock "0:02:50"]
[BlackClock "0:03:00"]

1. d4 d5 2. Nf3 Nf6 3. g3 e6 4. Bg2 Be7 5. O-O O-O 6. c4 c6 7. Qc2 Nbd7 8. Nbd2 b6 9. e4 dxe4 10. Nxe4 Nxe4 11. Qxe4 Bb7 12. Bf4 Qc8 1/2-1/2


[Site "https://www.chess.com"]

[Event "Titled Tuesday Blitz January 17 Late 2023"]
[White "Kuzmicz, Krystian"]
[Black "Perez Perez, Gabriel"]
[WhiteFideId "1119125"]
[BlackFideId "32089147"]
[WhiteElo "2466"]
[BlackElo "2185"]
[Result "0-1"]
[Round "01"]
[TimeControl "180+2"]
[Date "2023.01.17"]
[WhiteClock "0:00:32"]
[BlackClock "0:00:05"]

1. e4 g6 2. g3 Bg7 3. Bg2 d6 4. f4 Nf6 5. d3 O-O 6. Nf3 c5 7. O-O Nc6 8. Nc3 Rb8 9. h3 b5 10. g4 b4 11. Ne2 Nd7 12. f5 Nde5 13. Nf4 Nxf3+ 14. Qxf3 Nd4 15. Qf2 Bb7 16. Be3 a5 17. Rae1 a4 18. h4 Nc6 19. b3 axb3 20. axb3 Ra8 21. g5 Nd4 22. h5 Ra2 23. hxg6 hxg6 24. fxg6 fxg6 25. Qh4 Qe8 26. Bxd4 Bxd4+ 27. Kh1 Qf7 28. Bh3 Qh7 29. Qxh7+ Kxh7 30. Re2 Be5 31. Nd5 Rxf1+ 32. Bxf1 Bxd5 33. exd5 Ra1 34. Kg2 Kg7 35. Rf2 Ra8 36. Be2 Rh8 37. Rf1 Rh2+ 38. Kf3 Rh3+ 39. Kf2 Bd4+ 40. Ke1 Rg3 41. Kd2 Rxg5 42. Bf3 Rf5 43. Ke2 Re5+ 44. Be4 Rg5 45. Rh1 Rh5 46. Rf1 Rh2+ 47. Kf3 Rxc2 48. Kg4 Rf2 49. Rh1 Be5 50. Kg5 Rf8 51. Rg1 Bf6+ 52. Kg4 g5 53. Rg2 Rh8 54. Ra2 Rh4+ 55. Kg3 Rh8 56. Kg4 Rh4+ 57. Kf5 Rh8 58. Ke6 Rb8 59. Rh2 Rh8 60. Ra2 Rg8 61. Ra7 g4 62. Bg2 Kh6 63. Kf5 Rg5+ 64. Kf4 g3 65. Kf3 Kg7 66. Kf4 Rg6 67. Kf5 Rg5+ 68. Kf4 Kf7 69. Ra2 Kg6 70. Be4+ Kg7 71. Bg2 Rg6 72. Kf3 Be5 73. Bh3 Rf6+ 74. Ke4 Rf2 75. Rxf2 gxf2 76. Bf1 Bd4 77. Kf3 Kf6 78. Ke4 Kg5 79. Kf3 Kf5 80. Bh3+ Ke5 81. Bf1 Kxd5 82. Kf4 Kc6 83. Kf5 Kd7 84. Ke4 e6 85. Kf4 d5 86. Kg5 Kd6 87. Kf4 Bc3 88. Kf3 Be1 89. Kf4 Bd2+ 90. Kf3 Be1 91. Kf4 Ke7 92. Ke5 Bc3+ 93. Kf4 Kf6 94. Bh3 c4 95. dxc4 dxc4 0-1


[Site "https://www.chess.com"]

[Event "Titled Tuesday Blitz January 17 Late 2023"]
[White "Semenenko, Dmytry"]
[Black "Iliaguev, Nisim"]
[WhiteFideId "14118645"]
[BlackFideId "2817276"]
[WhiteElo "2113"]
[BlackElo "2402"]
[Result "0-1"]
[Round "01"]
[TimeControl "180+2"]
[Date "2023.01.17"]
[WhiteClock "0:01:47"]
[BlackClock "0:01:57"]

1. Nf3 Nf6 2. c4 c5 3. Nc3 g6 4. e3 Bg7 5. d4 O-O 6. Be2 cxd4 7. exd4 d5 8. c5 Nc6 9. O-O Bg4 10. Be3 Re8 11. Ne5 Bxe2 12. Qxe2 e6 13. Nxc6 bxc6 14. Qa6 Qc8 15. Qa4 Qb7 16. b4 Nd7 17. Rab1 a6 18. Qa5 e5 19. Rfd1 Rab8 20. a4 Qc8 21. b5 axb5 22. axb5 exd4 23. Bxd4 Bxd4 24. Rxd4 Nxc5 25. bxc6 Rxb1+ 26. Nxb1 Nb3 27. Qc3 Nxd4 0-1


[Site "https://www.chess.com"]

[Event "Titled Tuesday Blitz January 17 Late 2023"]
[White "Manukyan, Sargis A."]
[Black "Shubin, Daniel"]
[WhiteFideId "13303970"]
[BlackFideId "30936470"]
[WhiteElo "2158"]
[BlackElo "2231"]
[Result "1-0"]
[Round "01"]
[TimeControl "180+2"]
[Date "2023.01.17"]
[WhiteClock "0:02:04"]
[BlackClock "0:01:50"]

1. d4 d5 2. c4 e6 3. Nc3 Nf6 4. Nf3 Nbd7 5. Bg5 c6 6. e3 Be7 7. Bd3 O-O 8. O-O dxc4 9. Bxc4 b5 10. Bd3 Bb7 11. e4 e5 12. dxe5 Ng4 13. Bf4 Bc5 14. h3 Nxf2 15. Rxf2 Qb6 16. Qe2 Rad8 17. Re1 Rfe8 18. Be3 Bxe3 19. Qxe3 Nc5 20. Bc2 b4 21. Na4 Nxa4 22. Bxa4 Qa5 23. Bb3 Ba6 24. Ng5 Rd3 25. Bxf7+ Kh8 26. Bxe8 Bc4 27. Rf8+ Bg8 28. Nf7# 1-0


[Site "https://www.chess.com"]

[Event "Titled Tuesday Blitz January 17 Late 2023"]
[White "Gutkin, Ilya"]
[Black "Alex_Sahakyan2006"]
[WhiteFideId "16203470"]
[WhiteElo "2273"]
[BlackElo "2674"]
[Result "0-1"]
[Round "01"]
[TimeControl "180+2"]
[Date "2023.01.17"]
[WhiteClock "0:01:36"]
[BlackClock "0:01:32"]

1. e4 c5 2. Nf3 e6 3. d4 cxd4 4. Nxd4 Nc6 5. Nc3 Nf6 6. Nxc6 bxc6 7. e5 Nd5 8. Ne4 f5 9. exf6 Nxf6 10. Nd6+ Bxd6 11. Qxd6 Qb6 12. Bd3 c5 13. Bf4 Bb7 14. O-O Rc8 15. Rfe1 Kf7 16. Bg5 Qxd6 0-1


[Site "https://www.chess.com"]

[Event "Titled Tuesday Blitz January 17 Late 2023"]
[White "Bjelobrk, Igor"]
[Black "Oglaza, Oskar"]
[WhiteFideId "4300726"]
[BlackFideId "1194402"]
[WhiteElo "2403"]
[BlackElo "2304"]
[Result "1-0"]
[Round "01"]
[TimeControl "180+2"]
[Date "2023.01.17"]
[WhiteClock "0:00:48"]
[BlackClock "0:00:06"]

1. Nf3 Nf6 2. c4 g6 3. Nc3 c5 4. d4 cxd4 5. Nxd4 d5 6. Nf3 dxc4 7. Qxd8+ Kxd8 8. e4 e6 9. Bxc4 Nc6 10. O-O h6 11. Bf4 a6 12. Rad1+ Ke8 13. Rfe1 b5 14. Bxb5 axb5 15. Nxb5 Rxa2 16. Nc7+ Ke7 17. Bd6+ Kd8 18. Bxf8+ Kxc7 19. Bg7 Rd8 20. Bxf6 Rxd1 21. Rxd1 Bb7 22. Nd2 Nb4 23. f3 Nd3 24. Nc4 Ba6 25. Rxd3 Bxc4 26. Rc3 Ra1+ 27. Kf2 Rf1+ 28. Kg3 1-0


[Site "https://www.chess.com"]

[Event "Titled Tuesday Blitz January 17 Late 2023"]
[White "Stachanczyk, Jacek"]
[Black "Injac, Teodora"]
[WhiteFideId "1116657"]
[BlackFideId "932400"]
[WhiteElo "2147"]
[BlackElo "2391"]
[Result "0-1"]
[Round "01"]
[TimeControl "180+2"]
[Date "2023.01.17"]
[WhiteClock "0:00:35"]
[BlackClock "0:00:17"]

1. e4 e5 2. Nf3 Nc6 3. Bb5 a6 4. Ba4 Nf6 5. O-O Be7 6. Re1 b5 7. Bb3 O-O 8. a4 Bb7 9. d3 d6 10. Nbd2 Na5 11. Ba2 c5 12. Nf1 Bc8 13. c3 Be6 14. Bxe6 fxe6 15. Ng3 Nc6 16. d4 exd4 17. cxd4 c4 18. d5 exd5 19. exd5 Nb4 20. Ng5 Nd3 21. Ne6 Qb6 22. Be3 Qb7 23. Nxf8 Rxf8 24. Re2 Nxd5 25. Qd2 Bf6 26. Ra3 Bxb2 27. Rxd3 cxd3 28. Qxd3 Be5 29. Nf5 Nxe3 30. Rxe3 bxa4 31. Qc4+ Kh8 32. g4 Qb1+ 33. Kg2 g6 34. Nh6 Qb7+ 35. f3 Qb2+ 36. Re2 Qb3 37. Qc7 Qxf3+ 38. Kg1 Qf1# 0-1


[Site "https://www.chess.com"]

[Event "Titled Tuesday Blitz January 17 Late 2023"]
[White "Skvortsov, Andrei"]
[Black "Arnold, Ken"]
[WhiteFideId "24108600"]
[BlackFideId "2056836"]
[WhiteElo "2313"]
[BlackElo "2355"]
[Result "1-0"]
[Round "01"]
[TimeControl "180+2"]
[Date "2023.01.17"]
[WhiteClock "0:01:30"]
[BlackClock "0:00:13"]

1. d4 Nf6 2. Nf3 e6 3. Nbd2 d5 4. c4 Nbd7 5. e3 Be7 6. Rb1 O-O 7. b4 dxc4 8. Bxc4 a5 9. b5 b6 10. e4 Bb7 11. Qe2 Re8 12. O-O Bb4 13. e5 Nd5 14. Ne4 Nc3 15. Nxc3 Bxc3 16. Bd3 Nf8 17. Be4 Bxe4 18. Qxe4 Qd7 19. a3 a4 20. Qc2 Ba5 21. Be3 Red8 22. Rfc1 Ng6 23. h4 Ra7 24. h5 Ne7 25. h6 Nd5 26. Ng5 g6 27. Ne4 f5 28. exf6 Rf8 29. Bg5 e5 30. dxe5 Qf5 31. Qc4 Qe6 32. Qc6 Re8 33. f7+ Kxf7 34. Bf6 Raa8 35. Ng5+ 1-0


[Site "https://www.chess.com"]

[Event "Titled Tuesday Blitz January 17 Late 2023"]
[White "Figorito, Nick"]
[Black "Mikhailov, Viacheslav"]
[WhiteFideId "30923689"]
[BlackFideId "4187369"]
[WhiteElo "2036"]
[BlackElo "2428"]
[Result "1-0"]
[Round "01"]
[TimeControl "180+2"]
[Date "2023.01.17"]
[WhiteClock "0:00:47"]
[BlackClock "0:00:18"]

1. Nf3 Nf6 2. g3 g6 3. Bg2 Bg7 4. O-O O-O 5. c4 d6 6. Nc3 Nc6 7. d3 Bf5 8. Rb1 Qd7 9. Re1 e5 10. e4 Bg4 11. Be3 Nd4 12. Bxd4 exd4 13. Ne2 c5 14. b4 Rae8 15. bxc5 dxc5 16. Nf4 b6 17. h3 Bxf3 18. Qxf3 Qd6 19. Re2 Bh6 20. Nd5 Nxd5 21. exd5 Re5 22. Rbe1 Rf5 23. Qe4 Qd7 24. Qe7 Qa4 25. d6 Bg5 26. Qe4 Bf6 27. Qc6 Qa3 28. d7 Qxd3 29. Be4 Qxc4 30. Bxf5 Bd8 31. Re8 Bg5 32. Qd6 Bh6 33. Rxf8+ Bxf8 34. d8=Q 1-0


[Site "https://www.chess.com"]

[Event "Titled Tuesday Blitz January 17 Late 2023"]
[White "Domingo Nunez, Ruben"]
[Black "Prydun, Andriy"]
[WhiteFideId "22245570"]
[BlackFideId "14145898"]
[WhiteElo "2416"]
[BlackElo "2134"]
[Result "1-0"]
[Round "01"]
[TimeControl "180+2"]
[Date "2023.01.17"]
[WhiteClock "0:00:14"]
[BlackClock "0:00:01"]

1. e4 c6 2. Nf3 d5 3. Nc3 dxe4 4. Nxe4 Be6 5. b3 Bd5 6. Qe2 Nf6 7. Nxf6+ gxf6 8. Bb2 Rg8 9. Bxf6 Bxf3 10. gxf3 Nd7 11. Bb2 Bg7 12. d4 Qa5+ 13. Qd2 Qd5 14. Qe3 Qd6 15. Bh3 O-O-O 16. Qe4 Kb8 17. O-O-O Nc5 18. Qxh7 Qf4+ 19. Kb1 Qxf3 20. Rde1 Qf6 21. Rhg1 Qxf2 22. Rgf1 Qxh2 23. Rh1 Qg3 24. dxc5 Bxb2 25. Kxb2 Rh8 26. Qf5 Qg7+ 27. Kb1 e6 28. Qf4+ 1-0


[Site "https://www.chess.com"]

[Event "Titled Tuesday Blitz January 17 Late 2023"]
[White "Ovezdurdyyeva, Jemal"]
[Black "Weetik, Vjacheslav"]
[WhiteFideId "14001888"]
[BlackFideId "4153472"]
[WhiteElo "2078"]
[BlackElo "2423"]
[Result "1/2-1/2"]
[Round "01"]
[TimeControl "180+2"]
[Date "2023.01.17"]
[WhiteClock "0:00:36"]
[BlackClock "0:00:03"]

1. e4 c6 2. c4 e5 3. Nc3 d6 4. Nf3 Nd7 5. d4 Ngf6 6. Be2 Be7 7. O-O O-O 8. h3 a6 9. Be3 b5 10. d5 b4 11. dxc6 bxc3 12. cxd7 Bxd7 13. bxc3 Nxe4 14. Qc2 Bc6 15. c5 Qc7 16. cxd6 Bxd6 17. Bd3 f5 18. Rfd1 Kh8 19. Qb3 Nc5 20. Bxc5 Bxc5 21. Ng5 e4 22. Ne6 Qa7 23. Nxc5 Qxc5 24. Bf1 e3 25. fxe3 Qxe3+ 26. Kh2 f4 27. Rd3 Qe5 28. Qc4 f3+ 29. g3 Bb5 30. Qd4 Qc7 31. Rd2 Rad8 32. Qf2 Rxd2 33. Qxd2 Bc6 34. Re1 a5 35. Qd4 h6 36. Re6 Kg8 37. Bc4 Kh7 38. Bd3+ Kg8 39. Bc4 Kh7 40. Qd3+ Kh8 41. Qd4 Kh7 1/2-1/2


[Site "https://www.chess.com"]

[Event "Titled Tuesday Blitz January 17 Late 2023"]
[White "Msellek, Ilyass"]
[Black "Doluhanova, Evgeniya"]
[WhiteFideId "675938"]
[BlackFideId "14112035"]
[WhiteElo "2420"]
[BlackElo "2275"]
[Result "1-0"]
[Round "01"]
[TimeControl "180+2"]
[Date "2023.01.17"]
[WhiteClock "0:01:14"]
[BlackClock "0:00:35"]

1. d4 Nf6 2. Nf3 e6 3. Bg5 d5 4. Nbd2 Nbd7 5. e4 dxe4 6. Nxe4 c5 7. dxc5 h6 8. Bxf6 gxf6 9. Nd6+ Bxd6 10. cxd6 Qa5+ 11. c3 b6 12. b4 Qa3 13. Rc1 Bb7 14. Be2 Rg8 15. O-O Qxa2 16. c4 Rc8 17. c5 bxc5 18. bxc5 Rxc5 19. Rxc5 Nxc5 20. Bb5+ Kd8 21. Qd4 Ne4 22. Ra1 e5 23. Rxa2 exd4 24. Rxa7 Nxd6 25. Be2 d3 26. Bd1 d2 27. Ra2 Ne4 28. g3 Nc3 29. Rxd2+ Kc7 30. Rc2 Rd8 31. Rxc3+ Kb8 32. Be2 1-0


[Site "https://www.chess.com"]

[Event "Titled Tuesday Blitz January 17 Late 2023"]
[White "Mayaud, Raphael"]
[Black "Di Berardino, Diego Rafael"]
[WhiteFideId "627151"]
[BlackFideId "2105446"]
[WhiteElo "2201"]
[BlackElo "2479"]
[Result "0-1"]
[Round "01"]
[TimeControl "180+2"]
[Date "2023.01.17"]
[WhiteClock "0:00:02"]
[BlackClock "0:02:15"]

1. e4 c5 2. d3 Nc6 3. Nc3 g6 4. f3 Bg7 5. Nge2 e5 6. g3 Nge7 7. Bh3 d5 8. O-O Bxh3 9. exd5 Bxf1 10. Qxf1 Nxd5 11. Nxd5 Qxd5 12. Qf2 O-O 13. Bg5 Nd4 14. c3 Nxf3+ 15. Kg2 Nxg5+ 16. Kf1 Qxd3 17. b4 Qf3 18. Qxf3 Nxf3 19. Kg2 e4 20. Nf4 Bxc3 21. Rd1 cxb4 22. Rd6 Rad8 23. Re6 Rd2+ 0-1


[Site "https://www.chess.com"]

[Event "Titled Tuesday Blitz January 17 Late 2023"]
[White "Solon, Nathan"]
[Black "Kaganskiy, Gleb"]
[WhiteFideId "2017229"]
[BlackFideId "4132025"]
[WhiteElo "2306"]
[BlackElo "2205"]
[Result "1-0"]
[Round "01"]
[TimeControl "180+2"]
[Date "2023.01.17"]
[WhiteClock "0:00:51"]
[BlackClock "0:00:14"]

1. Nf3 d5 2. g3 Nf6 3. Bg2 e6 4. O-O Be7 5. c4 O-O 6. b3 c5 7. cxd5 exd5 8. d4 Nc6 9. Bb2 Ne4 10. Nc3 Bf6 11. Rc1 Nxd4 12. Nxe4 Nxf3+ 13. exf3 Bxb2 14. Rc2 dxe4 15. Rxb2 Qg5 16. fxe4 Bg4 17. Qc1 Qxc1 18. Rxc1 b6 19. b4 cxb4 20. Rxb4 Rac8 21. Rbc4 g6 22. e5 Be6 23. Rxc8 Rxc8 24. Rxc8+ Bxc8 25. f4 Kf8 26. Kf2 Ke7 27. Ke3 f6 28. Kd4 fxe5+ 29. Kxe5 Be6 30. a3 Bb3 31. Bc6 Ba2 32. h4 Bb3 33. Be4 Bf7 34. g4 h5 35. g5 Be8 36. Bd5 a5 37. f5 gxf5 38. Kxf5 b5 39. g6 Bxg6+ 40. Kxg6 Kf8 41. Kxh5 Kg7 42. Kg5 b4 43. a4 Kh7 44. Kf4 Kh6 45. Ke5 Kh5 46. Kd4 Kxh4 47. Kc5 Kg5 48. Kb5 Kf6 49. Kxa5 Ke7 50. Kxb4 Kd6 51. Bg2 Kc7 52. Kc5 Kb8 53. Kb6 Kc8 54. a5 Kd7 55. a6 Kd6 56. a7 Ke5 57. a8=Q 1-0


[Site "https://www.chess.com"]

[Event "Titled Tuesday Blitz January 17 Late 2023"]
[White "Kalajzic, Ivan"]
[Black "Godzwon, Iwo"]
[WhiteFideId "14506378"]
[BlackFideId "21802483"]
[WhiteElo "2062"]
[BlackElo "2394"]
[Result "0-1"]
[Round "01"]
[TimeControl "180+2"]
[Date "2023.01.17"]
[WhiteClock "0:00:12"]
[BlackClock "0:00:53"]

1. d4 Nf6 2. Nc3 d5 3. Bg5 Bf5 4. f3 c6 5. g4 Bg6 6. h4 h6 7. Bf4 e6 8. h5 Bh7 9. e3 Bd6 10. Nh3 Qc7 11. Bd3 Bxd3 12. Qxd3 Nbd7 13. O-O-O e5 14. dxe5 Bxe5 15. Qf5 O-O-O 16. Bxe5 Qxe5 17. Qxe5 Nxe5 18. Rhf1 Rhe8 19. b3 Re7 20. Rde1 Rde8 21. Kd2 Ned7 22. Nf4 Nc5 23. Nd3 Ne6 24. e4 dxe4 25. Nxe4 Nxe4+ 26. Rxe4 Ng5 27. Rxe7 Rxe7 28. Ne1 Kc7 29. Rf2 Rd7+ 30. Kc1 Rd4 31. Re2 Rf4 32. Re3 Kd6 33. Kd2 f5 34. gxf5 Rxf5 35. Rd3+ Ke7 36. Ke3 Ne6 37. Rd2 Re5+ 38. Kf2 Rxh5 39. Nd3 Rh2+ 40. Ke3 Rxd2 41. Kxd2 Kf6 42. Ke3 Kf5 43. c4 g5 44. Kf2 h5 45. Kg3 h4+ 46. Kh3 Nf4+ 47. Nxf4 Kxf4 48. Kg2 c5 49. a3 a5 50. a4 b6 51. Kf2 h3 0-1


[Site "https://www.chess.com"]